 Dungeon Crawl Stone Soup version 0.31-a0-486-g8d68a81214 (webtiles) character file.

Game seed: 4179548598585004046

396 Zonian the Ruffian (level 6, -1/42 HPs)
             Began as an Octopode Shapeshifter on Aug 8, 2023.
             Was an Initiate of Ashenzari.
             Slain by an ogre
             ... wielding a +0 giant club
              (26 damage)
             ... on level 5 of the Dungeon.
             The game lasted 00:06:26 (4290 turns).

Zonian the Ruffian (Octopode Shapeshifter)          Turns: 4290, Time: 00:06:27

Health: -1/42      AC:  1    Str: 17    XL:     6   Next: 82%
Magic:  6/6        EV: 14    Int: 10    God:    Ashenzari [......]
Gold:   222        SH:  0    Dex: 12    Spells: 5/5 levels left

rFire   . .          .
                       - Unarmed
rCold   + . .        (no shield)
rNeg    . . .        (helmet currently unavailable)
rPois   .            (no amulet)
rElec   .            h - ring "Visionary of Ashenzari" {SInv, Fort, Range} (curse)
rCorr   +            g - ring of ice
SInv    +            j - ring of resist corrosion
Will    .....        m - ring of protection from fire
Stlth   ++           (no ring)
HPRegen 0.27/turn    (no ring)
MPRegen 0.10/turn    (no ring)
                     (no ring)

%: no passive effects
@: beast-form
A: beast (slay +2), almost no armour, amphibious, 8 rings, camouflage 1,
gelatinous body 1, (nimble swimmer 1), tentacles
a: Begin Untransformation, Renounce Religion, Shatter the Chains


You were on level 5 of the Dungeon.
You worshipped Ashenzari.
Ashenzari was noncommittal.
You were a hulking beast.
You visited 2 branches of the dungeon, and saw 6 of its levels.

You collected 252 gold pieces.
You spent 30 gold pieces at shops.

Inventory:

Jewellery
 g - a ring of ice (right tentacle)
 h - the cursed ring "Visionary of Ashenzari" (left tentacle) {SInv, Fort, Range}
   (You found it on level 1 of the Dungeon)

   [ring of see invisible]

   SInv:      It lets you see invisible.
   It has a curse which improves the following skills: Fortitude: Shields.
   Ranged Combat: Ranged Weapons and Throwing.
 j - a ring of resist corrosion (on tentacle)
 m - a ring of protection from fire (on tentacle)
Talismans
 b - a beast talisman (active)
Scrolls
 f - 5 scrolls of teleportation
 k - 2 scrolls of vulnerability
 l - 2 scrolls of blinking {unknown}
 p - a scroll of identify
 q - a scroll of enchant weapon {unknown}
Potions
 a - 2 potions of lignification
 c - a potion of degeneration
 d - 2 potions of haste
 e - 2 potions of cancellation
 i - 4 potions of curing
 n - a potion of magic
 o - a potion of heal wounds


   Skills:
 + Level 3.4 Fighting
 + Level 3.8 Dodging
 + Level 4.5 Unarmed Combat
 + Level 4.1 Shapeshifting


You had 5 spell levels left.
You didn't know any spells.
Your spell library contained the following spells:

 Spells                   Type           Power      Damage    Failure   Level
 Searing Ray              Conj           0%         2d4       50%         2
 Iskenderun's Battlesphe  Conj           0%         2d6       100%        5
 Chain Lightning          Conj/Air       0%         N/A       100%        9
 Fire Storm               Conj/Fire      0%         5d1       100%        9
 Shatter                  Erth           0%         3d5*      100%        9


Dungeon Overview and Level Annotations

Branches:
Dungeon (5/15)             Temple (1/1) D:4

Altars:
Ashenzari
Cheibriados
Fedhas
Gozag
Hepliaklqana
Kikubaaqudgha
Makhleb
Okawaru
Qazlal
Trog
Uskayaw
Vehumet
Wu Jian
Xom
Zin

Shops:
D:2 *

Annotations:
D:4 3 runed translucent doors, Ijyb; dxb338's ghost, weakling FeSh


Innate Abilities, Weirdness & Mutations

You are a hulking beast.
Your limbs bulge with bestial killing power. (Slay +2)
You cannot wear most types of armour.
You are amphibious.
You can wear up to eight rings at the same time.
Your skin changes colour to match your surroundings (Stealth+).
Your rubbery body absorbs attacks. (AC +1, EV +1)
((You are camouflaged when in or above water. (Stealth+)))
You have tentacles for arms and can constrict up to eight enemies at once.


Message History

Unknown command.
A hound comes into view.
The hound barks!
A hound is nearby!
Unknown command.
The hound misses you.
You tentacle-slap the hound. Your grab misses the hound.
The hound is lightly wounded.
The hound misses you.
You closely miss the hound. Your grab misses the hound.
The hound is lightly wounded.
The hound closely misses you. The hound misses you.
You barely miss the hound. You grab the hound.
The hound is lightly wounded.
You constrict the hound. The hound barely misses you.
You tentacle-slap the hound.
The hound is severely wounded.
You constrict the hound. The hound bites you.
You tentacle-slap the hound.
The hound is severely wounded.
You constrict the hound. The hound misses you. The hound bites you.
You tentacle-slap the hound.
You kill the hound!
No target in view!
You open the door.
There is an open door here.
As you open the door, it creaks loudly!
There is an open door here.
You open the door.
An ogre comes into view. It is wielding a +0 giant club.
There is an open door here.
Unknown command.
The ogre shouts!
The ogre hits you with a +0 giant club!!
You closely miss the ogre. You tentacle-slap the ogre.
The ogre is lightly wounded.
The ogre hits you with a +0 giant club!!
Ouch! That really hurt!
You die...

.### .... ####+####
.... #.......# ###...
##.......## #.+...
+.........+ #.#...
##.........## ###.####
#...........#
#+#....... #...Oh..###
#.....##..
#+#...#'#.###'######..
#####...............
#................
##........#######
#...##..## #...##..#
#.......# #.......#


You could see an ogre.

Vanquished Creatures
  An ogre (D:5)
  5 hounds
  4 gnolls (D:3)
  3 adders
  An ufetubus (D:4)
  2 worms
  2 dart slugs (D:4)
  3 orcs (D:3)
  4 bats
  7 endoplasms
  2 giant cockroaches
  11 hobgoblins
  5 jackals
  5 kobolds
  4 quokkas
  6 ball pythons
  3 frilled lizards
  5 goblins
  4 rats
77 creatures vanquished.

Notes
Turn   | Place    | Note
-------+----------+-------------------------------------------
     0 | D:1      | Zonian the Octopode Shapeshifter began the quest for the
                  | Orb.
     0 | D:1      | Reached XP level 1. HP: 13/13 MP: 1/1
    98 | D:1      | Found a faded altar of an unknown god.
   331 | D:1      | Reached XP level 2. HP: 13/18 MP: 2/2
  1078 | D:2      | Reached XP level 3. HP: 10/23 MP: 3/3
  1306 | D:2      | Found Isom's General Store.
  1335 | D:2      | Bought a scroll of teleportation for 30 gold pieces
  1668 | D:2      | You fall into a shaft and drop 1 floor!
  1838 | D:2      | Reached XP level 4. HP: 27/29 MP: 4/4
  2538 | D:3      | Identified the +0 robe of Zetaluef {rElec rF+ Str+2 Dex-2}
  2769 | D:3      | Reached XP level 5. HP: 30/35 MP: 5/5
  2964 | D:4      | Got the Exposition on Striking
  3118 | D:4      | Found a runed translucent gate.
  3118 | D:4      | Found a runed translucent gate.
  3118 | D:4      | Found an opulent altar of Gozag.
  3119 | D:4      | Found a runed translucent gate.
  3120 | D:4      | Noticed a yak
  3122 | D:4      | Noticed dxb338's ghost (weakling FeSh)
  3162 | D:4      | Found a staircase to the Ecumenical Temple.
  3170 | Temple   | Entered the Ecumenical Temple
  3209 | Temple   | Became a worshipper of Ashenzari the Shackled
  3746 | D:4      | Reached XP level 6. HP: 39/42 MP: 6/6
  3855 | D:4      | Noticed Ijyb
  4067 | D:5      | Entered Level 5 of the Dungeon
  4194 | D:5      | Found a shimmering altar of Xom.
  4199 | D:5      | Found a shimmering altar of Xom.
  4290 | D:5      | Slain by an ogre

Illustrated notes

Levels and vault maps discovered:
D:1:      dpeg_arrival_more_subterranean_lakeside_camping, layout_loops_corners,
          ebering_ecumenical_altar_rust, minmay_misc_feat_nine_boxes,
          serial_bayou_crossing
D:2:      layout_basic, serial_shops, shop, nicolae_underground_beach
D:3:      layout_loops_ring, amcnicky_mini_pool_small, kennysheep_generic_room_4
D:4:      layout_loops_corners, minmay_temple_entry_offerings,
          ebering_ghost_gozag, dreamdust_mushroom_princess, uniq_ijyb
D:5:      nicolae_cairo_tiling_very_big, layout_gridville,
          nicolae_xom_altar_mimics, jmf_multi_god_temple2
Temple:   jpeg_temple_clearing

Skill      XL: |  1  2  3  4  5  6 |
---------------+-------------------+-----
Fighting       | 2 3 |  3.4
Dodging        | 3 |  3.8
Unarmed Combat | 4 |  4.5
Shapeshifting  | 4 |  4.1

Action                     |  1- 3 |  4- 6 || total
---------------------------+-------+-------++-------
  Melee: Unarmed           |    56 |   104 ||   160
         Constrict         |    16 |    24 ||    40
         Tentacles         |     8 |    19 ||    27
         Punch             |     4 |     2 ||     6
 Invoke: Curse Item        |       |     1 ||     1
    Use: Scroll            |     4 |     4 ||     8
   Stab: Sleeping          |    15 |     4 ||    19
 Armour: Skin              |     3 |     8 ||    11
  Dodge: Dodged            |    24 |    65 ||    89

Table legend: (Time is in decaauts)
 A = Elapsed time spent in this place.
 B = Non-inter-level travel time spent in this place.
 C = Inter-level travel time spent in this place.
 D = Time resting spent in this place.
 E = Time spent auto-exploring this place.
 F = Levels seen in this place.
 G = Mean time per level.
                   A        B        C        D        E       F      G
               +--------+--------+--------+--------+--------+-----+--------+
         Total |   4276 |   4138 |    138 |    153 |   3205 |   6 |  712.7 |
       Dungeon |   4209 |   4099 |    110 |    153 |   3205 |   5 |  841.8 |
        Temple |     67 |     39 |     28 |      0 |      0 |   1 |   67.0 |
               +--------+--------+--------+--------+--------+-----+--------+

Top non-repeatable levels by time:
     D:1: 1040 daAuts
     D:4: 1035 daAuts
     D:2: 966 daAuts
     D:3: 946 daAuts
     D:5: 221 daAuts
  Temple: 67 daAuts
